[Event "Titled Tuesday Blitz August 09 Early 2022"]
[White "Fajdetic, Hrvoje"]
[Black "Shuvalova, Polina"]
[WhiteFideId "14501945"]
[BlackFideId "24171760"]
[WhiteElo "2172"]
[BlackElo "2330"]
[Result "0-1"]
[Round "02"]
[TimeControl "180+1"]
[Date "2022.08.09"]
[WhiteClock "0:00:01"]
[BlackClock "0:00:09"]

1. b3 Nf6 2. Bb2 g6 3. f4 Bg7 4. Nf3 d6 5. d3 c5 6. Nbd2 Nc6 7. e4 O-O 8. a4 d5 9. e5 Ng4 10. Qe2 d4 11. Nc4 a6 12. a5 Nb4 13. h3 Ne3 14. Nxe3 dxe3 15. Bc1 Nd5 16. Bxe3 Nxe3 17. Qxe3 f6 18. Be2 fxe5 19. fxe5 Qd5 20. O-O Bd7 21. c4 Qc6 22. d4 cxd4 23. Qxd4 Rad8 24. Qb6 Qc8 25. Qe3 Bc6 26. Ng5 h6 27. Bg4 Bd7 28. e6 Rxf1+ 29. Rxf1 Bc6 30. Nf7 Bd4 31. Nxh6+ Kh8 32. Rf8+ Rxf8 33. Qxd4+ Rf6 34. Nf7+ Kg7 35. Qe3 g5 36. Qxg5+ Rg6 37. Qe5+ Rf6 38. Qg5+ Rg6 39. Qe5+ Kf8 40. Qh8+ Rg8 41. Qh6+ Ke8 42. Bh5 Qc7 43. Ne5+ Kd8 44. Qe3 Kc8 0-1


[Site "https://www.chess.com"]

[Event "Titled Tuesday Blitz August 09 Early 2022"]
[White "Fernandez Siles, Luis"]
[Black "Djokic, Mihailo"]
[WhiteFideId "2209420"]
[BlackFideId "976440"]
[WhiteElo "2211"]
[BlackElo "2246"]
[Result "0-1"]
[Round "02"]
[TimeControl "180+1"]
[Date "2022.08.09"]
[WhiteClock "0:00:55"]
[BlackClock "0:01:37"]

1. e4 c5 2. Nf3 d6 3. Bb5+ Bd7 4. Bxd7+ Qxd7 5. O-O Nc6 6. c3 Nf6 7. Re1 e6 8. d4 cxd4 9. cxd4 d5 10. e5 Ne4 11. Nbd2 Nxd2 12. Bxd2 Bb4 13. Rc1 Bxd2 14. Qxd2 h6 15. Rc3 O-O 16. h4 Rfc8 17. Nh2 Ne7 18. Rec1 Rxc3 19. Rxc3 Rc8 20. g4 Rxc3 21. Qxc3 Qc6 22. Qxc6 Nxc6 23. Nf3 f6 24. exf6 gxf6 25. h5 e5 26. dxe5 fxe5 27. Kf1 Kg7 28. Ke2 e4 29. Nd2 Kf6 30. f3 Nd4+ 31. Ke3 Nxf3 32. Nxf3 exf3 33. Kxf3 Kg5 34. b4 b5 35. a3 d4 36. Ke4 Kxg4 37. Kxd4 Kxh5 38. Kc5 Kg4 39. Kxb5 h5 40. Ka6 h4 41. Kxa7 h3 42. b5 h2 43. b6 h1=Q 44. b7 Qh7 45. Ka8 Qe4 46. Ka7 Qa4+ 47. Kb6 Qb3+ 48. Kc7 Qc4+ 49. Kb6 Qd4+ 50. Kc6 Qd8 51. a4 Qb8 52. a5 Qa7 53. Kc7 Qxa5+ 54. Kc8 Qc5+ 55. Kd7 Qb6 56. Kc8 Qc6+ 57. Kb8 Kf5 58. Ka7 Qa4+ 59. Kb6 Qb4+ 60. Kc7 Qc5+ 61. Kd7 Qb6 0-1


[Site "https://www.chess.com"]

[Event "Titled Tuesday Blitz August 09 Early 2022"]
[White "Floresvillar Gonzalez, Luis Migu"]
[Black "Mahalakshmi, M"]
[WhiteFideId "5100542"]
[BlackFideId "5001080"]
[WhiteElo "2040"]
[BlackElo "2176"]
[Result "0-1"]
[Round "02"]
[TimeControl "180+1"]
[Date "2022.08.09"]
[WhiteClock "0:00:32"]
[BlackClock "0:01:21"]

1. e4 c6 2. Nf3 d5 3. Nc3 dxe4 4. Nxe4 Nf6 5. Nxf6+ exf6 6. Bc4 Bd6 7. O-O O-O 8. Re1 Bg4 9. h3 Bh5 10. Be2 Nd7 11. d4 Re8 12. c3 Rc8 13. a4 Nf8 14. Be3 Bb8 15. Nd2 Bxe2 16. Rxe2 Ng6 17. Nf1 f5 18. Bd2 Qd6 19. Rxe8+ Rxe8 20. Qf3 Nh4 21. Qh5 Re4 22. Re1 Rxe1 23. Bxe1 Qf6 24. f3 Ng6 25. Bg3 Nf4 26. Bxf4 Bxf4 27. g4 g6 28. g5 Bxg5 0-1


[Site "https://www.chess.com"]

[Event "Titled Tuesday Blitz August 09 Early 2022"]
[White "Flynn, Jacob"]
[Black "Averjanov, Alexey"]
[WhiteFideId "2509393"]
[BlackFideId "14109867"]
[WhiteElo "1920"]
[BlackElo "2650"]
[Result "0-1"]
[Round "02"]
[TimeControl "180+1"]
[Date "2022.08.09"]
[WhiteClock "0:02:11"]
[BlackClock "0:01:44"]

1. d4 d5 2. c4 dxc4 3. e3 Nf6 4. Bxc4 e6 5. Nf3 a6 6. O-O b5 7. Bb3 Bb7 8. Nc3 Nbd7 9. d5 Nc5 10. dxe6 Nxe6 11. Bxe6 fxe6 12. Ng5 Qxd1 13. Rxd1 Ke7 14. b3 c5 15. Ne2 h6 16. Nf3 Bxf3 17. gxf3 g5 18. Bb2 Bg7 19. Rac1 Rac8 20. f4 Nh5 21. fxg5 Bxb2 0-1


[Site "https://www.chess.com"]

[Event "Titled Tuesday Blitz August 09 Early 2022"]
[White "Gardezi, Arsal"]
[Black "Danielyan, Vahe"]
[WhiteFideId "30949521"]
[BlackFideId "13304828"]
[WhiteElo "1781"]
[BlackElo "2421"]
[Result "0-1"]
[Round "02"]
[TimeControl "180+1"]
[Date "2022.08.09"]
[WhiteClock "0:00:15"]
[BlackClock "0:00:26"]

1. d4 d5 2. c4 dxc4 3. Nc3 c6 4. e4 b5 5. a4 Qb6 6. Be3 Qb7 7. b3 b4 8. Na2 c3 9. Nf3 Nf6 10. Qc2 Bg4 11. Bc4 Bxf3 12. gxf3 e6 13. Rg1 a5 14. Nc1 Nbd7 15. Nd3 Nb6 16. Ne5 Nfd7 17. Nxd7 Qxd7 18. Bd3 g6 19. O-O-O Qc7 20. Be2 Bd6 21. h4 Bf4 22. Kb1 Bxe3 23. fxe3 h5 24. f4 O-O-O 25. Rg5 Nd7 26. f5 gxf5 27. exf5 e5 28. Bxh5 exd4 29. exd4 Nf6 30. Bxf7 Qxf7 31. Rdg1 Rxh4 32. Rg7 Qd5 33. R1g6 Rh1+ 34. Ka2 Qd6 35. Qd3 Rh2+ 36. Ka1 Rh1+ 37. Ka2 c5 38. Qf3 Rh2+ 39. Ka1 Qd5 40. Qxd5 Rxd5 41. Rxf6 Rxd4 42. Rf8+ Rd8 43. Rff7 Rd1# 0-1


[Site "https://www.chess.com"]

[Event "Titled Tuesday Blitz August 09 Early 2022"]
[White "Gatterer, Florian"]
[Black "Ferreira, Vitor Hugo Vieira"]
[WhiteFideId "811688"]
[BlackFideId "2119765"]
[WhiteElo "2218"]
[BlackElo "2168"]
[Result "1-0"]
[Round "02"]
[TimeControl "180+1"]
[Date "2022.08.09"]
[WhiteClock "0:01:16"]
[BlackClock "0:00:35"]

1. c4 c6 2. Nf3 d5 3. e3 Nf6 4. Nc3 e6 5. b3 Nbd7 6. Bb2 Bd6 7. Qc2 O-O 8. g4 Qe7 9. g5 Ne8 10. h4 Ba3 11. O-O-O Bxb2+ 12. Kxb2 dxc4 13. Bxc4 Nd6 14. Bd3 g6 15. h5 Nc5 16. Be2 e5 17. d4 Bf5 18. Qc1 exd4 19. Nxd4 Nce4 20. Nxf5 Nxf5 21. hxg6 hxg6 22. Nxe4 Qxe4 23. Qc3 Ng7 24. Rh2 Rfe8 25. Rdh1 f5 26. Rh8+ Kf7 27. Qf6# 1-0


[Site "https://www.chess.com"]

[Event "Titled Tuesday Blitz August 09 Early 2022"]
[White "Gheorghiu, Calin"]
[Black "Kaufman, Raymond"]
[WhiteFideId "1200305"]
[BlackFideId "2015056"]
[WhiteElo "2168"]
[BlackElo "2321"]
[Result "1-0"]
[Round "02"]
[TimeControl "180+1"]
[Date "2022.08.09"]
[WhiteClock "0:00:09"]
[BlackClock "0:00:01"]

1. e4 c5 2. Nf3 e6 3. g3 Nc6 4. Bg2 Nf6 5. Qe2 e5 6. c3 Be7 7. O-O O-O 8. a4 d5 9. exd5 Nxd5 10. Na3 f6 11. Re1 Bg4 12. h3 Bh5 13. d3 Kh8 14. Nc4 Nb6 15. b3 Nxc4 16. bxc4 f5 17. g4 fxg4 18. Nxe5 g3 19. f3 Nxe5 20. Qxe5 Bg6 21. Qxg3 Bf6 22. d4 cxd4 23. Bf4 dxc3 24. Be5 Qb6+ 25. Kh1 c2 26. Rac1 Bxe5 27. Rxe5 Qb2 28. Qg5 Rad8 29. Rd5 Rxd5 30. cxd5 h6 31. Qd2 Rd8 32. f4 Qa3 33. Kh2 Qc5 34. Re1 1-0


[Site "https://www.chess.com"]

[Event "Titled Tuesday Blitz August 09 Early 2022"]
[White "Gil Alba, Hector Luis"]
[Black "Gabdrakhmanov, Azat"]
[WhiteFideId "3504670"]
[BlackFideId "34189197"]
[WhiteElo "2331"]
[BlackElo "2293"]
[Result "0-1"]
[Round "02"]
[TimeControl "180+1"]
[Date "2022.08.09"]
[WhiteClock "0:01:37"]
[BlackClock "0:02:30"]

1. e4 c5 2. Nf3 e6 3. Nc3 a6 4. d4 cxd4 5. Nxd4 Qc7 6. Bd3 Nf6 7. O-O d6 8. a4 Nbd7 9. Be3 g6 10. h3 Bg7 11. f4 O-O 12. Kh1 b6 13. Qf3 Bb7 14. Rae1 Rfe8 15. Nb3 Nc5 16. Nxc5 bxc5 17. b3 d5 18. e5 d4 19. Qe2 Nh5 0-1


[Site "https://www.chess.com"]

[Event "Titled Tuesday Blitz August 09 Early 2022"]
[White "Gombocz, Ferenc Jr."]
[Black "Altman, Joshua"]
[WhiteFideId "775029"]
[BlackFideId "426210"]
[WhiteElo "1913"]
[BlackElo "1945"]
[Result "0-1"]
[Round "02"]
[TimeControl "180+1"]
[Date "2022.08.09"]
[WhiteClock "0:00:10"]
[BlackClock "0:00:09"]

1. c4 e5 2. g3 Nc6 3. Bg2 Nf6 4. Nc3 Bc5 5. e3 O-O 6. Nf3 d6 7. O-O h6 8. d4 exd4 9. exd4 Bb6 10. h3 a6 11. Be3 Rb8 12. a3 Ne7 13. b4 c6 14. c5 Bc7 15. Re1 Be6 16. Qc2 Qd7 17. Kh2 Rbe8 18. Rad1 Ng6 19. Nd2 d5 20. f4 Bf5 21. Qb2 h5 22. Nf3 h4 23. Nxh4 Nxh4 24. gxh4 Rxe3 25. Rxe3 Bxf4+ 26. Rg3 Bxg3+ 27. Kxg3 Qc7+ 28. Kf2 Qf4+ 29. Kg1 Qxh4 30. Qf2 Qg5 31. Kh2 Re8 32. Rg1 Qh5 33. Qg3 Re3 34. Bf3 Qxh3+ 35. Qxh3 Bxh3 36. Rg3 Rxc3 37. Rxh3 Rxa3 38. Kg3 Ne4+ 39. Kf4 Nd2 40. Bg2 Rxh3 41. Bxh3 Nb3 42. Bc8 Nxd4 43. Bxb7 Kf8 44. Bxa6 Ke7 45. Ke3 Ne6 46. Bd3 Kd7 47. Kf3 Kc7 48. Kg4 Nd4 49. Kg5 Nf3+ 50. Kf4 Ne1 51. Bb1 Ng2+ 52. Kf3 Nh4+ 53. Kg4 Ng6 54. Kf5 Ne7+ 55. Ke5 Kd7 56. Kf4 f6 57. Kg4 g5 58. Kg3 Ke6 59. Kf3 Ke5 60. Bd3 Nc8 61. Be2 d4 62. b5 cxb5 63. Bxb5 Kd5 64. c6 Na7 65. Ba4 Nxc6 66. Kg4 Ne5+ 67. Kf5 d3 68. Kxf6 g4 69. Kg5 g3 70. Kf4 g2 71. Bd1 g1=Q 0-1


[Site "https://www.chess.com"]

[Event "Titled Tuesday Blitz August 09 Early 2022"]
[White "Gubajdullin, Alexei"]
[Black "Mathieu, Phileas"]
[WhiteFideId "4141202"]
[BlackFideId "36048410"]
[WhiteElo "2214"]
[BlackElo "2138"]
[Result "0-1"]
[Round "02"]
[TimeControl "180+1"]
[Date "2022.08.09"]
[WhiteClock "0:00:02"]
[BlackClock "0:00:04"]

1. Nf3 Nf6 2. g3 e6 3. Bg2 d5 4. O-O c5 5. b3 Nc6 6. e3 Be7 7. Bb2 O-O 8. c4 b6 9. Nc3 Bb7 10. cxd5 Nxd5 11. Nxd5 Qxd5 12. d4 Rab8 13. Ne5 Qd6 14. dxc5 Qxd1 15. Rfxd1 Nxe5 16. Bxe5 Bxg2 17. Bxb8 Bf3 18. Rd7 Bf6 19. Rc1 Rxb8 20. c6 Rc8 21. Rxa7 Kf8 22. Rb7 Bd8 23. Rc4 Bd5 24. Rc1 Bc7 25. Ra7 Ke7 26. b4 Kd6 27. b5 f5 28. a4 g5 29. Rb1 Be4 30. Rb2 Kc5 31. a5 bxa5 32. Rxc7 Rxc7 33. b6 Rxc6 34. b7 Rd6 35. Rc2+ Bxc2 36. b8=Q Be4 37. Qc7+ Rc6 38. Qxa5+ Kd6 39. Qa3+ Kd7 40. h3 h5 41. g4 h4 42. gxf5 exf5 43. Kf1 Rd6 44. Ke2 Ke6 45. Qb3+ Kf6 46. Qg8 Re6 47. f3 Bd5 48. Qf8+ Ke5 49. Kf2 Rc6 50. Qg7+ Ke6 51. Qxg5 Rc2+ 52. Ke1 Bxf3 53. Qxh4 Be4 54. Qg5 Kd5 0-1


[Site "https://www.chess.com"]

[Event "Titled Tuesday Blitz August 09 Early 2022"]
[White "Gubanov, Oleg"]
[Black "Sadykov, Ramil"]
[WhiteFideId "14115115"]
[BlackFideId "24113590"]
[WhiteElo "2080"]
[BlackElo "2243"]
[Result "1-0"]
[Round "02"]
[TimeControl "180+1"]
[Date "2022.08.09"]
[WhiteClock "0:00:12"]
[BlackClock "0:00:02"]

1. e4 c5 2. c3 Nf6 3. e5 Nd5 4. d4 cxd4 5. cxd4 d6 6. Nf3 Nc6 7. Bc4 Nb6 8. Bb5 dxe5 9. Nxe5 Bd7 10. Nxd7 Qxd7 11. O-O e6 12. Be3 Be7 13. Qg4 Bf6 14. Rd1 O-O 15. Nc3 Nd5 16. Ne4 Kh8 17. Nxf6 Nxf6 18. Qh4 a6 19. Bd3 Nb4 20. Bb1 Rac8 21. Bg5 Nbd5 22. Bd3 Qd6 23. h3 Qb4 24. b3 Qa3 25. Rd2 Rc1+ 26. Rxc1 Qxc1+ 27. Kh2 Qc7+ 28. g3 Rc8 29. Re2 Kg8 30. Re5 Qc3 31. Bc4 b5 32. Bxd5 Nxd5 33. Qg4 Qc2 34. Kg2 Qg6 35. h4 h6 36. h5 Qh7 37. Rxe6 hxg5 38. Rd6 Ne7 39. Rd7 Re8 40. Rxe7 Rf8 41. Qxg5 Qd3 42. h6 Qxd4 43. Qxg7+ Qxg7 44. hxg7 Kxg7 45. Ra7 Rc8 46. Rxa6 Rc2 47. Ra5 b4 48. Ra4 Kg6 49. Rxb4 Rxa2 50. Rb6+ Kg7 51. Kf3 Rb2 52. Ke3 Rb1 53. f4 Rb2 54. Ke4 Rg2 55. Kf3 Rb2 56. g4 Rb1 57. Ke4 Rg1 58. Kf5 Rd1 59. g5 Rd5+ 60. Kg4 Rd1 61. b4 Rd2 62. Rb7 Kg8 63. Kf5 Rd5+ 64. Ke4 Rd1 65. Ke5 Kg7 66. f5 Re1+ 67. Kd5 Rd1+ 68. Ke4 Re1+ 69. Kd3 Rd1+ 70. Ke2 Rg1 71. g6 Kg8 72. Rxf7 Rb1 73. Rb7 Rf1 74. Kxf1 1-0


[Site "https://www.chess.com"]

[Event "Titled Tuesday Blitz August 09 Early 2022"]
[White "Harsh Suresh"]
[Black "Taboas Rodriguez, Daniel"]
[WhiteFideId "45018464"]
[BlackFideId "2208466"]
[WhiteElo "2070"]
[BlackElo "2429"]
[Result "1-0"]
[Round "02"]
[TimeControl "180+1"]
[Date "2022.08.09"]
[WhiteClock "0:00:03"]
[BlackClock "0:00:41"]

1. d4 Nf6 2. Nf3 g6 3. Nc3 d5 4. Bf4 Bf5 5. Nb5 Na6 6. e3 c6 7. Nc3 Nc7 8. a4 Bg7 9. h3 O-O 10. Bd3 Ne4 11. Bxe4 dxe4 12. Nd2 Nd5 13. Bh2 Nxc3 14. bxc3 c5 15. Qb1 cxd4 16. cxd4 Rc8 17. c4 Qa5 18. Ke2 e5 19. d5 Rfd8 20. Rc1 Qa6 21. Qb5 Qf6 22. Rab1 b6 23. Qa6 Qg5 24. Kf1 Rc7 25. Qb5 Rc5 26. Qb4 Bf8 27. Qb2 Bd6 28. g4 Bd7 29. Nxe4 Qe7 30. Nxc5 bxc5 31. a5 e4 32. Bxd6 Qxd6 33. Kg1 h5 34. Qe2 hxg4 35. hxg4 Kg7 36. Kf1 Rh8 37. Ke1 Qa6 38. Qb2+ f6 39. Ke2 Qxa5 40. Ra1 Qc7 41. Ra6 Rh2 42. Qxf6+ Kh7 43. Qxg6+ Kh8 44. Qf6+ Kh7 45. Qf7+ Kh8 46. Qf8+ Kh7 47. Qe7+ Kg8 48. Rg6+ Kh8 49. Qg7# 1-0


[Site "https://www.chess.com"]

[Event "Titled Tuesday Blitz August 09 Early 2022"]
[White "Hartikainen, Jarmo"]
[Black "Ljukin, Sergei"]
[WhiteFideId "503134"]
[BlackFideId "14102200"]
[WhiteElo "2118"]
[BlackElo "2312"]
[Result "1-0"]
[Round "02"]
[TimeControl "180+1"]
[Date "2022.08.09"]
[WhiteClock "0:00:03"]
[BlackClock "0:00:02"]

1. e4 e6 2. d4 d5 3. Nc3 Bb4 4. e5 Ne7 5. Qg4 c5 6. a3 Bxc3+ 7. bxc3 Qc7 8. Qxg7 Rg8 9. Qxh7 cxd4 10. Ne2 Nbc6 11. f4 Bd7 12. Qd3 dxc3 13. Rb1 d4 14. Nxd4 Nxd4 15. Qxd4 Nf5 16. Qf2 Qc6 17. Rg1 Qe4+ 18. Qe2 Qd5 19. Qd3 Bc6 20. Qxd5 Bxd5 21. Bb5+ Ke7 22. a4 Nd4 23. Ba3+ Kd8 24. Kf2 Nxc2 25. Bd6 Nd4 26. Rbd1 Nf5 27. Rc1 Rc8 28. Bb4 c2 29. Bd3 Nd4 30. g4 a6 31. h4 Ke8 32. h5 Bb3 33. h6 Rh8 34. g5 Bc4 35. Ke3 Bxd3 36. Kxd3 Nf5 37. Rxc2 Rd8+ 38. Ke2 Nd4+ 39. Kd3 Nxc2+ 40. Kxc2 Rd4 41. Bd2 Kd7 42. Rh1 Rh7 43. a5 Kc6 44. Be3 Re4 45. Kd3 Kd5 46. Rc1 Ra4 47. Rc5# 1-0


[Site "https://www.chess.com"]

[Event "Titled Tuesday Blitz August 09 Early 2022"]
[White "Hoffmann, Asa"]
[Black "Atakhan, Abtin"]
[WhiteFideId "2001470"]
[BlackFideId "22502203"]
[WhiteElo "2117"]
[BlackElo "2087"]
[Result "0-1"]
[Round "02"]
[TimeControl "180+1"]
[Date "2022.08.09"]
[WhiteClock "0:00:16"]
[BlackClock "0:00:19"]

1. d4 Nf6 2. Bg5 Ne4 3. Bf4 d5 4. f3 Nf6 5. e4 dxe4 6. Nc3 exf3 7. Nxf3 g6 8. Qd2 Bg7 9. O-O-O O-O 10. Bh6 c6 11. h4 Bg4 12. Be2 b5 13. Ne5 b4 14. Bxg7 bxc3 15. Qh6 Bxe2 16. Rde1 Ng4 17. Nxg4 Bxg4 18. bxc3 f6 19. Bxf8 Qxf8 20. Qf4 h5 21. Qc7 Nd7 22. Re3 Rc8 23. Qxa7 Ra8 24. Qc7 Rxa2 25. Kd2 Bf5 26. Rc1 Rb2 27. Qxc6 Nb6 28. d5 Qf7 29. c4 Rb4 30. Rc3 Qf8 31. Ra1 Qb8 32. g3 Qe5 33. Qc5 Rxc4 34. Rxc4 Nxc4+ 35. Qxc4 Qxa1 36. d6+ Kf8 37. dxe7+ Ke8 38. Qg8+ Kxe7 39. Qg7+ Ke6 40. Qg8+ Ke5 41. Qb8+ Ke4 42. Qf4+ Kd5 43. c4+ Kc5 44. Qc7+ Kb4 45. Qd6+ Kxc4 46. Qc6+ Kb3 47. Qb5+ Ka3 48. Qa5+ Kb2 49. Qc3+ Ka2 50. Qa5+ Kb1 51. Qb4+ Qb2+ 52. Qxb2+ Kxb2 0-1


[Site "https://www.chess.com"]

[Event "Titled Tuesday Blitz August 09 Early 2022"]
[White "Hua, Lefong"]
[Black "Seliverstov, Vladimir"]
[WhiteFideId "2602253"]
[BlackFideId "4192036"]
[WhiteElo "2601"]
[BlackElo "2489"]
[Result "0-1"]
[Round "02"]
[TimeControl "180+1"]
[Date "2022.08.09"]
[WhiteClock "0:00:07"]
[BlackClock "0:00:12"]

1. d4 d5 2. c4 c6 3. Nf3 Nf6 4. Nc3 dxc4 5. a4 Bg4 6. Ne5 Bh5 7. Nxc4 e6 8. f3 Bb4 9. e3 c5 10. Qb3 Nc6 11. dxc5 O-O 12. Be2 Bxc5 13. O-O Nd5 14. Rd1 Re8 15. Kh1 Qh4 16. Qxb7 Nxc3 17. bxc3 Qf2 18. Qxc6 Qxe2 19. Ba3 Rec8 20. Qe4 Bg6 21. Qf4 Bxa3 22. Nxa3 Rxc3 23. Nb5 Qxe3 24. Qd6 Rcc8 25. Nc7 Rab8 26. Na6 Ra8 27. Nc7 h5 28. Nxa8 Rxa8 29. Qd4 Qg5 30. h4 Qg3 31. Rd2 Rc8 32. Qf2 Qf4 33. Rd4 Qe5 34. Rad1 Rc2 35. Rd8+ Kh7 36. R8d2 Rc4 37. Rd4 Rc2 38. R4d2 Rc4 39. Rd4 Rc3 40. g3 a5 41. Kg2 Qf6 42. R1d2 Ra3 43. Rf4 Qa1 44. Qd4 Qe1 45. Qf2 Qa1 46. Qd4 Qc1 47. g4 Ra1 48. g5 Qh1+ 49. Kf2 Qg1+ 50. Ke2 Re1# 0-1


[Site "https://www.chess.com"]

[Event "Titled Tuesday Blitz August 09 Early 2022"]
[White "Ianov, Viktor"]
[Black "McConnell, Griffin"]
[WhiteFideId "14102730"]
[BlackFideId "30942551"]
[WhiteElo "2152"]
[BlackElo "2295"]
[Result "0-1"]
[Round "02"]
[TimeControl "180+1"]
[Date "2022.08.09"]
[WhiteClock "0:00:01"]
[BlackClock "0:00:03"]

1. Nf3 Nf6 2. g3 d5 3. Bg2 c6 4. O-O g6 5. b3 Bg7 6. Bb2 O-O 7. c4 Nbd7 8. d3 e6 9. Nbd2 a6 10. Qc2 b5 11. Rfd1 Bb7 12. Rac1 c5 13. e4 d4 14. Rf1 b4 15. a4 a5 16. Ne1 Ne8 17. f4 f5 18. Nef3 e5 19. Ng5 Qe7 20. Rce1 h6 21. Nh3 Qd6 22. exf5 Bxg2 23. Kxg2 Qc6+ 24. Nf3 gxf5 25. Kg1 e4 26. dxe4 d3 27. Qd2 fxe4 28. Bxg7 Kxg7 29. Nh4 Nd6 30. f5 Ne5 31. Nf4 Kh7 32. Ne6 Rf6 33. Qf4 Nef7 34. Qg4 Rg8 35. Qh5 Ng5 36. Nxg5+ Rxg5 37. Qd1 Nxf5 38. Nxf5 Rgxf5 39. Rxf5 Rxf5 40. Qg4 Re5 41. Qf4 Qe6 42. Qe3 Qe7 43. Rf1 Qg5 0-1


[Site "https://www.chess.com"]

[Event "Titled Tuesday Blitz August 09 Early 2022"]
[White "Ibarra Jerez, Jose Carlos"]
[Black "Nurmanova, Alua"]
[WhiteFideId "2226332"]
[BlackFideId "13729390"]
[WhiteElo "2628"]
[BlackElo "1921"]
[Result "1-0"]
[Round "02"]
[TimeControl "180+1"]
[Date "2022.08.09"]
[WhiteClock "0:00:37"]
[BlackClock "0:00:15"]

1. e4 c5 2. Nf3 d6 3. d4 cxd4 4. Nxd4 Nf6 5. Nc3 a6 6. Be3 e5 7. Nf3 Be7 8. Bc4 Be6 9. Bxe6 fxe6 10. Ng5 Qc8 11. Qf3 Nc6 12. Qh3 Nd8 13. Bb6 O-O 14. Bxd8 Rxd8 15. Nxe6 Re8 16. Ng5 Qxh3 17. Nxh3 b5 18. f3 Rac8 19. O-O-O Rc5 20. Nf2 Rec8 21. Nd3 Rc4 22. Rd2 b4 23. Na4 Nxe4 24. fxe4 Bg5 25. Ne1 Bxd2+ 26. Kxd2 Rxe4 27. Nf3 Rec4 28. Rc1 R8c6 29. b3 Rg4 30. g3 e4 31. Nd4 Rc8 32. Ke3 d5 33. Nf5 Kf8 34. Nb6 Rc6 35. Nxd5 g6 36. Nd4 Rd6 37. Nxb4 a5 38. Nbc6 Kg7 39. c4 Rg5 40. c5 Rdd5 41. Ne6+ Kf6 42. Nxg5 Rxg5 43. Nd4 1-0


[Site "https://www.chess.com"]

[Event "Titled Tuesday Blitz August 09 Early 2022"]
[White "Ismayil, Malak"]
[Black "Martin Alvarez, Inigo"]
[WhiteFideId "13412604"]
[BlackFideId "2259354"]
[WhiteElo "1879"]
[BlackElo "2276"]
[Result "1/2-1/2"]
[Round "02"]
[TimeControl "180+1"]
[Date "2022.08.09"]
[WhiteClock "0:00:08"]
[BlackClock "0:00:08"]

1. e4 c5 2. Nf3 Nc6 3. Bb5 e6 4. O-O Nge7 5. c3 a6 6. Bxc6 Nxc6 7. d4 d5 8. exd5 Qxd5 9. Be3 cxd4 10. Nxd4 Be7 11. Nd2 O-O 12. Nxc6 Qxc6 13. Nb3 b5 14. f3 Rd8 15. Qe1 Qc4 16. Qf2 e5 17. Rfd1 Bf5 18. Nd2 Qc6 19. Nf1 Be6 20. a3 Bb3 21. Rd2 Rxd2 22. Nxd2 Be6 23. Ne4 Rd8 24. Bc5 Bxc5 25. Nxc5 Bf5 26. Re1 f6 27. Qe3 a5 28. b4 a4 29. h4 Bg6 30. f4 exf4 31. Qxf4 Bf7 32. Kh2 Bc4 33. Re7 Qd6 34. Qxd6 Rxd6 35. Rc7 Rd2 36. Nxa4 Bd5 37. Nc5 Rxg2+ 38. Kh3 Rc2 39. Nd3 Bc4 40. Nf4 Rxc3+ 41. Kh2 Rxa3 42. Nh5 Ra2+ 43. Kg1 Ra1+ 44. Kh2 Rb1 45. Rxg7+ Kf8 46. Rc7 Rxb4 47. Nxf6 Rb2+ 48. Kg3 Rb3+ 49. Kf4 Rb1 50. Nxh7+ Ke8 51. Nf6+ Kd8 52. Rd7+ Kc8 53. Ra7 Rf1+ 54. Kg5 b4 55. Ra4 Rb1 56. Ne4 Bd3 57. Nc5 Bc2 58. Ra8+ Kc7 59. h5 b3 60. Nxb3 Bxb3 61. h6 Rg1+ 62. Kf6 Rh1 63. Kg7 Bc2 64. Ra7+ Kd6 65. Ra6+ Kd5 66. Ra5+ Kd4 67. Rg5 Be4 68. Rg4 Kd3 69. Rg3+ Kd4 70. Rg5 Kd3 71. Ra5 Kd4 72. Ra6 Kd3 73. Rd6+ Ke3 74. Kg8 Rh5 75. Re6 Rg5+ 76. Kf8 Rh5 77. Kg7 Rh1 78. Kg8 Kd4 79. Kg7 Kd5 80. Re8 Kd4 81. Rd8+ Ke3 82. Rb8 Kf4 83. Rb2 Ke3 84. Rb3+ Kf4 85. Rb6 Ke3 86. Re6 Kf4 87. Rxe4+ Kxe4 88. h7 Rxh7+ 89. Kxh7 1/2-1/2


[Site "https://www.chess.com"]

[Event "Titled Tuesday Blitz August 09 Early 2022"]
[White "Janaszak, Dawid"]
[Black "Rustemov, Alexander"]
[WhiteFideId "1119206"]
[BlackFideId "4119002"]
[WhiteElo "2165"]
[BlackElo "2789"]
[Result "1/2-1/2"]
[Round "02"]
[TimeControl "180+1"]
[Date "2022.08.09"]
[WhiteClock "0:01:00"]
[BlackClock "0:01:06"]

1. e4 e6 2. b3 d5 3. Bb2 Nf6 4. d3 dxe4 5. Nd2 exd3 6. Bxd3 Nbd7 7. Qe2 Nc5 8. Bc4 c6 9. O-O-O Qa5 10. a3 b5 11. b4 Qc7 12. bxc5 bxc4 13. Qxc4 Be7 14. Ngf3 O-O 15. Ne5 Rb8 16. Nb3 Nd5 17. Rhe1 f6 18. Nd3 Kh8 19. g4 e5 20. g5 Be6 21. gxf6 gxf6 22. Rxe5 Bf7 1/2-1/2


[Site "https://www.chess.com"]

[Event "Titled Tuesday Blitz August 09 Early 2022"]
[White "Jaskolka, Tomasz"]
[Black "Antonio, Jorge Carlos"]
[WhiteFideId "1170791"]
[BlackFideId "113190"]
[WhiteElo "2073"]
[BlackElo "2247"]
[Result "1-0"]
[Round "02"]
[TimeControl "180+1"]
[Date "2022.08.09"]
[WhiteClock "0:00:04"]
[BlackClock "0:00:02"]

1. d4 g6 2. e4 Bg7 3. Nc3 d6 4. Bf4 Nc6 5. Nf3 Nf6 6. Qd2 O-O 7. O-O-O Bg4 8. Qe3 Nh5 9. Bh6 Bxh6 10. Qxh6 Bxf3 11. gxf3 e5 12. Rg1 exd4 13. Nd5 Kh8 14. f4 Qh4 15. Be2 Rg8 16. Rg5 f6 17. Rg4 Qxh2 18. Nxf6 Rg7 19. Rg3 Rf7 20. Nxh5 d3 21. Bxd3 Qxh5 22. Qxh5 gxh5 23. Rdg1 Rxf4 24. Bc4 Rg4 25. f3 Rxg3 26. Rxg3 Ne5 27. Be6 Rf8 28. Bf5 Ng6 29. Kd2 h4 30. Rh3 Ne7 31. Bg4 Ng6 32. Ke3 Kg7 33. Bf5 Rh8 34. Rh1 Kf6 35. f4 Ne7 36. Bg4 Ng6 37. f5 Ne5 38. Rxh4 Nxg4+ 39. Rxg4 h5 40. Rg6+ Kf7 41. Kf4 h4 42. Rg2 h3 43. Rh2 Rh4+ 44. Kf3 Kf6 45. c3 Ke5 46. Rh1 Rxe4 47. Rxh3 Rf4+ 48. Ke3 Rxf5 49. Rh7 b6 50. Rxc7 a5 51. Rb7 Kd5 52. Rxb6 Kc5 53. Rb8 d5 54. Kd3 a4 55. Ra8 Kb5 56. Rb8+ Kc5 57. Ra8 Kb5 58. b3 axb3 59. axb3 Rf2 60. Rb8+ Kc5 61. Rc8+ Kd6 62. Rd8+ Kc5 63. b4+ Kc6 64. Rc8+ Kd6 65. Rc5 Rf3+ 66. Kc2 Rf4 67. Kb3 Rf3 68. Ka4 Rf4 69. Kb5 d4 70. Rc4 1-0


[Site "https://www.chess.com"]

[Event "Titled Tuesday Blitz August 09 Early 2022"]
[White "Jiganchine, Roman"]
[Black "Jeet, Jain"]
[WhiteFideId "2603667"]
[BlackFideId "5073022"]
[WhiteElo "2302"]
[BlackElo "2055"]
[Result "0-1"]
[Round "02"]
[TimeControl "180+1"]
[Date "2022.08.09"]
[WhiteClock "0:00:17"]
[BlackClock "0:00:54"]

1. Nf3 Nf6 2. c4 b6 3. Nc3 Bb7 4. e3 g6 5. b3 Bg7 6. Bb2 O-O 7. d4 d5 8. Rc1 e6 9. Be2 a6 10. O-O Nbd7 11. Ne5 dxc4 12. bxc4 Nxe5 13. dxe5 Nd7 14. f4 Qe7 15. Bf3 Bxf3 16. Qxf3 Qb4 17. Ba1 Nc5 18. Ne4 Nd3 19. Rc3 Rad8 20. Nf6+ Kh8 21. Qh3 h6 22. f5 exf5 23. Rxf5 Nxe5 24. Rf1 Qe7 25. Ng4 Nxg4 26. Qxg4 Rd2 27. Rcc1 Bxa1 28. Rxa1 Qxe3+ 29. Kh1 Qg5 30. Qf3 Rfd8 31. a4 R8d3 32. Qf6+ Qxf6 33. Rxf6 Rd1+ 34. Rf1 Rxf1+ 35. Rxf1 Kg7 36. Rc1 Ra3 37. Kg1 Rxa4 38. c5 b5 39. c6 Rc4 0-1


[Site "https://www.chess.com"]